 Dungeon Crawl Stone Soup version 0.26-a0-259-g1effd001a9 (webtiles) character file.

Game seed: 5456148524004658359

15948 Lugonue the Carver (level 12, -5/106 HPs)
             Began as a Minotaur Hunter on July 22, 2020.
             Was an Elder of Makhleb.
             Slain by a centaur (9 damage)
             ... on level 12 of the Dungeon.
             The game lasted 00:34:48 (14095 turns).

Lugonue the Carver (Minotaur Hunter)               Turns: 14095, Time: 00:34:49

Health: -5/106     AC:  0    Str: 20    XL:     12   Next: 5%
Magic:  11/11      EV: 17    Int:  8    God:    Makhleb [****..]
Gold:   554        SH:  0    Dex: 13    Spells: 11/11 levels left

rFire    . . .     SeeInvis .   (weapon currently unavailable)
rCold    . . .     Faith    .   (shield currently unavailable)
rNeg     . . .     Spirit   .   (armour currently unavailable)
rPois    .         Reflect  .   (helmet currently unavailable)
rElec    .         Harm     .   (cloak currently unavailable)
rCorr    .                      (gloves currently unavailable)
MR       .....                  (boots currently unavailable)
Stlth    ++........             D - amulet of the acrobat
HPRegen  0.27/turn              (ring currently unavailable)
MPRegen  0.12/turn              (ring currently unavailable)

@: pig-form, slowed, drained
A: small, (retaliatory headbutt)
a: Minor Destruction, Lesser Servant of Makhleb, Major Destruction, Renounce
Religion


You were on level 12 of the Dungeon.
You worshipped Makhleb.
Makhleb was greatly pleased with you.
You were not hungry.
You were a filthy swine.
You visited 1 branch of the dungeon, and saw 15 of its levels.
You visited 1 bazaar.

You collected 3044 gold pieces.
You spent 2490 gold pieces at shops.

Inventory:

Hand Weapons
 a - a +0 arbalest
 b - a +4 great sword of protection (melded)
 n - a +2 short sword of draining
 E - a +2 long sword
 K - a +2 hand crossbow
Missiles
 d - 79 bolts
 j - 37 poisoned darts (quivered)
 F - a throwing net
Armour
 m - a +2 pair of boots (melded)
 r - a +2 ring mail of cold resistance
 u - the +1 scale mail "Fedyblup" (melded) {rPois}
   (You bought it in a shop on level 5 of the Dungeon)

   It protects you from poison.
 C - a +2 cloak (melded)
 G - the +3 ring mail of Twilight {rF+ Str+2, unknown}
   (You bought it in a shop in a bazaar)

   It affects your strength (+2).
   It protects you from fire.
 I - a +2 cloak of stealth
 L - a cursed +0 pair of gloves (melded)
Jewellery
 g - an uncursed ring of positive energy
 p - an uncursed ring of protection from fire
 A - the ring "Exetieho" (melded) {rCorr Dex+6}
   (You found it on level 6 of the Dungeon)

   [ring of resist corrosion]

   It affects your dexterity (+6).
   It provides partial protection from all sources of acid and corrosion.
 B - a ring of positive energy (melded)
 D - an amulet of the acrobat (around neck)
Wands
 v - a wand of paralysis (6)
 y - a wand of polymorph (3)
Scrolls
 c - 3 scrolls of amnesia
 k - 3 scrolls of teleportation
 x - 4 scrolls of enchant armour
 J - a scroll of remove curse
 M - a scroll of identify
Potions
 e - 3 potions of curing
 h - 3 potions of flight
 i - 2 potions of stabbing
 q - a potion of magic
 s - a potion of mutation {unknown}
 t - 2 potions of ambrosia
 z - 2 potions of resistance
Comestibles
 f - 29 rations


   Skills:
 + Level 10.3(9.4) Fighting
 * Level 13.0(12.1) Long Blades
 + Level 9.0(8.1) Crossbows
 + Level 4.5(3.7) Throwing
 + Level 10.6(9.7) Armour
 + Level 6.7(5.9) Dodging
 + Level 2.7(2.0) Stealth


You had 11 spell levels left.
You didn't know any spells.
Your spell library contained the following spells:

 Spells                   Type           Power        Failure   Level
 Freeze                   Ice            #...         41%         1
 Frozen Ramparts          Ice            #.....       78%         3
 Ozocubu's Armour         Chrm/Ice       #.......     78%         3
 Hailstorm                Conj/Ice       #.......     99%         4
 Summon Ice Beast         Ice/Summ       #.......     99%         4


Dungeon Overview and Level Annotations

Branches:
Dungeon (15/15)            Temple (0/1) D:6            Lair (0/6) D:11
    Orc (0/2) D:11
 Vaults: D:13-14     Depths: D:15

Altars:
Cheibriados
Makhleb
Qazlal
Trog
Vehumet
Zin

Shops:
D:5 [   D:9 [   D:11 }=

Annotations:
D:4 2 transporters, vogonpoet's ghost, novice OgBe
D:7 Joseph
D:12 Josephine; Kirke; Nessos


Innate Abilities, Weirdness & Mutations

((You reflexively headbutt those who attack you in melee.))
((You have a pair of horns on your head.))


Message History

You see here an arrow.
You feel better.
The centaur shoots an arrow.
The arrow completely misses you.
The centaur shoots an arrow.
The arrow completely misses you.
You see here 2 arrows.
Evoke which item? (* to show all) (? for menu, Esc to quit)
Aiming: Paralyse
Press: ? - help, Shift-Dir - straight line, f - centaur
Aim: a centaur, wielding a +0 shortbow and quivering 8 arrows (chance to defeat MR: 46%)
The centaur resists with some effort.
The centaur unwields a +0 shortbow.
The centaur hits you!
* * * LOW HITPOINT WARNING * * *
Evoke which item? (* to show all) (? for menu, Esc to quit)
Aiming: Paralyse
Press: ? - help, Shift-Dir - straight line, f/p - centaur
Aim: a centaur, quivering 8 arrows (chance to defeat MR: 46%)
The centaur resists with some effort.
The centaur hits you.
* * * LOW HITPOINT WARNING * * *
The centaur hits you!
You die...

...........c(..#
###.##.###.##c#
#(###.##(# #.c.c.##(#
########(#
#####....c.############
#....(###..............
#....c###.####.........
#.....h.#.# #..........
#.....#.#.# #.......(..
#.....#<#.###..#######.
#####...........# #†
#########..## #. #.##
#.... #.# #.#.. #.# #
#.. ######.# ..((


You could see a centaur.

Vanquished Creatures
  5 two-headed ogres
  An orange crystal statue (D:11)
  2 ugly things
  Maggie (D:7)
  A komodo dragon (D:11)
  A merfolk (D:9)
  A troll (D:11)
  Prince Ribbit (D:5)
  3 hippogriffs
  A meliai zombie (D:12)
  2 wyverns
  A spriggan (shapeshifter) (D:10)
  A vampire (D:11)
  4 yaks (D:10)
  Eustachio (D:5)
  A wraith (D:14)
  A steam dragon (D:8)
  2 vampire mosquitoes (D:15)
  2 water moccasins
  7 orc warriors
  4 sky beasts
  A black bear (D:9)
  7 ogres
  2 ice beasts (D:12)
  A phantom (D:8)
  A wolf (D:11)
  18 centaurs
  4 big kobolds
  Blork the orc (D:5)
  A gnoll sergeant (D:6)
  9 bullfrogs
  4 killer bees (D:9)
  8 wights (D:9)
  5 electric eels
  5 howler monkeys
  A crimson imp (D:4)
  A bullfrog zombie (D:13)
  14 hounds
  A jelly (D:11)
  2 centaur skeletons
  7 orc priests
  5 gnoll shamans
  4 iguanas
  7 orc wizards
  8 worker ants
  3 hound skeletons
  3 worker ant zombies
  26 gnolls
  15 adders
  A howler monkey skeleton (D:4)
  A shadow imp (D:8)
  2 white imps (D:6)
  2 ufetubi
  An ooze (D:6)
  An adder zombie (D:8)
  An adder skeleton (D:6)
  A worm (D:4)
  3 dart slugs
  5 leopard geckos
  47 orcs
  A ball python (D:2)
  12 bats
  7 giant cockroaches
  4 hobgoblins
  4 jackals
  7 quokkas
  5 frilled lizards
  13 goblins
  20 kobolds
  A leopard gecko skeleton (D:5)
  7 rats
353 creatures vanquished.

Vanquished Creatures (others)
  6 fungi (D:11)
  6 plants (D:11)
12 creatures vanquished.

Grand Total: 365 creatures vanquished

Notes
Turn   | Place    | Note
-------+----------+-------------------------------------------
     0 | D:1      | Lugonue the Minotaur Hunter began the quest for the Orb.
     0 | D:1      | Reached XP level 1. HP: 18/18 MP: 0/0
   278 | D:1      | Reached XP level 2. HP: 23/25 MP: 1/1
  1076 | D:1      | Reached skill level 5 in Crossbows
  1187 | D:2      | Reached XP level 3. HP: 24/30 MP: 2/2
  1705 | D:2      | Reached skill level 1 in Armour
  1823 | D:2      | Reached skill level 1 in Stealth
  1823 | D:2      | Reached XP level 4. HP: 32/37 MP: 3/3
  1952 | D:2      | Found a faded altar of an unknown god.
  2252 | D:2      | Found a snail-covered altar of Cheibriados.
  2518 | D:3      | Noticed an ogre
  2542 | D:3      | Killed an ogre
  2542 | D:3      | Reached XP level 5. HP: 13/45 MP: 4/4
  3150 | D:3      | Reached XP level 6. HP: 51/51 MP: 5/5
  3642 | D:4      | Reached skill level 1 in Throwing
  3785 | D:4      | Reached XP level 7. HP: 54/59 MP: 6/6
  3866 | D:4      | Found a transporter.
  3869 | D:4      | Found a transporter.
  3869 | D:4      | Noticed vogonpoet's ghost (novice OgBe)
  4030 | D:4      | Found a stormy altar of Qazlal.
  4194 | D:4      | Found a radiant altar of Vehumet.
  4194 | D:4      | Found a burning altar of Makhleb.
  4206 | D:4      | Reached skill level 5 in Armour
  4212 | D:4      | Became a worshipper of Makhleb the Destroyer
  4292 | D:5      | Entered Level 5 of the Dungeon
  4303 | D:5      | Noticed Eustachio
  4325 | D:5      | Killed Eustachio
  4325 | D:5      | Reached skill level 5 in Fighting
  4461 | D:5      | Noticed Prince Ribbit
  4919 | D:5      | Reached XP level 8. HP: 53/69 MP: 7/7
  5032 | D:5      | Found Gaufoynn's Armour Boutique.
  5044 | D:5      | Got a faintly glowing dagger
  5045 | D:5      | Identified the +8 dagger of Qazlal {protect, +Rage Str+3
                  | SInv} (You found it on level 5 of the Dungeon)
  5056 | D:5      | Bought the cursed +1 scale mail "Fedyblup" {rPois} for 206
                  | gold pieces
  5325 | D:5      | Killed Prince Ribbit
  5325 | D:5      | Reached skill level 1 in Long Blades
  5455 | D:5      | Noticed Blork the orc
  5459 | D:5      | Killed Blork the orc
  6014 | D:6      | Reached skill level 2 in Long Blades
  6014 | D:6      | Reached skill level 5 in Dodging
  6380 | D:6      | Found a staircase to the Ecumenical Temple.
  6577 | D:6      | Got a faintly glowing tin ring
  6578 | D:6      | Identified the ring "Exetieho" {rCorr Dex+6} (You found it
                  | on level 6 of the Dungeon)
  7125 | D:7      | Reached XP level 9. HP: 61/78 MP: 8/8
  7128 | D:7      | Reached * piety under Makhleb
  7133 | D:7      | Reached skill level 3 in Long Blades
  7425 | D:7      | Noticed Maggie
  7445 | D:7      | Reached skill level 4 in Long Blades
  7452 | D:7      | Killed Maggie
  7816 | D:7      | Found a glowing silver altar of Zin.
  7817 | D:7      | Noticed an angel
  7852 | D:7      | Noticed Joseph
  8063 | D:8      | Reached skill level 5 in Long Blades
  8290 | D:8      | Noticed a two-headed ogre
  8383 | D:8      | Noticed a two-headed ogre
  8402 | D:8      | Killed a two-headed ogre
  8410 | D:8      | Reached skill level 6 in Long Blades
  8506 | D:8      | Reached XP level 10. HP: 86/86 MP: 9/9
  8569 | D:8      | Killed a two-headed ogre
  8571 | D:8      | Reached ** piety under Makhleb
  8995 | D:9      | Found a bloodstained altar of Trog.
  9042 | D:9      | Reached skill level 7 in Long Blades
  9569 | D:9      | Found Haith's Antique Armour Boutique.
  9577 | D:9      | Bought a pair of runed boots for 187 gold pieces
  9577 | D:9      | Bought a runed cloak for 187 gold pieces
  9991 | D:9      | Reached skill level 8 in Long Blades
 10258 | D:10     | Entered Level 10 of the Dungeon
 10282 | D:10     | Reached *** piety under Makhleb
 10633 | D:10     | Reached skill level 10 in Armour
 10638 | D:10     | Reached skill level 9 in Long Blades
 10896 | D:10     | Noticed a two-headed ogre
 10925 | D:10     | Killed a two-headed ogre
 10956 | D:10     | Reached XP level 11. HP: 47/95 MP: 10/10
 11337 | D:11     | Noticed a cyan ugly thing
 11701 | D:9      | Identified a scroll of acquirement
 11701 | D:9      | Acquired 2220 gold pieces
 11737 | D:9      | Bought a translucent ring mail for 225 gold pieces
 11737 | D:9      | Bought a warped ring mail for 225 gold pieces
 11737 | D:9      | Identified the +3 ring mail of Too Many Cooks {Harm} (You
                  | bought it in a shop on level 9 of the Dungeon)
 11738 | D:9      | Identified the +0 ring mail of Cheibriados's Esteem {Harm
                  | MR+++ Str-3 Stlth-} (You bought it in a shop on level 9 of
                  | the Dungeon)
 11864 | D:11     | Noticed a green ugly thing
 11877 | D:11     | Killed a green ugly thing
 11877 | D:11     | Reached skill level 10 in Long Blades
 11890 | D:11     | Found Vujol's Gadget Shop.
 12412 | D:11     | Found a staircase to the Lair.
 12487 | D:11     | Noticed a two-headed ogre
 12501 | D:11     | Killed a two-headed ogre
 12501 | D:11     | Reached skill level 11 in Long Blades
 12522 | D:11     | Reached **** piety under Makhleb
 12566 | D:11     | Found Esaaf's Jewellery Boutique.
 12644 | D:11     | Bought an uncursed ring of positive energy for 260 gold
                  | pieces
 12685 | D:11     | Found a gateway to a bazaar.
 12685 | D:11     | Noticed an orange crystal statue
 12702 | D:11     | Killed an orange crystal statue
 12715 | Bazaar   | Entered a bazaar
 12715 | Bazaar   | Found Ankuukog's Magic Scroll Shoppe.
 12715 | Bazaar   | Found Qejetarr's Antique Armour Shoppe.
 12716 | Bazaar   | Found Fozxizyn's Antique Weapon Emporium.
 12716 | Bazaar   | Found Bawkexzo's Antique Armour Emporium.
 12788 | Bazaar   | Bought a faintly glowing ring mail for 162 gold pieces
 12798 | Bazaar   | Bought a scroll of brand weapon for 180 gold pieces
 12798 | Bazaar   | Bought a scroll of teleportation for 27 gold pieces
 12798 | Bazaar   | Bought a scroll of teleportation for 27 gold pieces
 12804 | Bazaar   | Bought an embroidered cloak for 135 gold pieces
 12811 | Bazaar   | Bought a scroll of fog for 18 gold pieces
 12811 | Bazaar   | Bought a scroll of remove curse for 27 gold pieces
 12817 | Bazaar   | Bought an arbalest for 153 gold pieces
 12822 | Bazaar   | Bought a pair of gloves for 81 gold pieces
 13028 | D:11     | Found a staircase to the Orcish Mines.
 13099 | D:11     | Bought a phantom mirror for 390 gold pieces
 13434 | D:11     | Reached skill level 12 in Long Blades
 13591 | D:12     | You fall into a shaft and drop 3 floors!
 13591 | D:15     | Entered Level 15 of the Dungeon
 13591 | D:15     | Noticed a centaur warrior
 13592 | D:15     | Noticed an orc knight
 13599 | D:15     | Noticed a centaur warrior
 13613 | D:14     | Noticed a death knight
 13643 | D:14     | Noticed a phantasmal warrior
 13653 | D:14     | Noticed a two-headed ogre
 13660 | D:14     | Killed a two-headed ogre
 13660 | D:14     | Reached skill level 10 in Fighting
 13893 | D:13     | Noticed a green ugly thing
 13903 | D:13     | Killed a green ugly thing
 14019 | D:12     | Reached XP level 12. HP: 106/106 MP: 11/11
 14035 | D:12     | Reached skill level 13 in Long Blades
 14049 | D:12     | Noticed Josephine
 14053 | D:12     | Noticed Kirke
 14068 | D:12     | Noticed Nessos
 14095 | D:12     | HP: 4/106 [centaur (3)]
 14095 | D:12     | Slain by a centaur

Illustrated notes

Levels and vault maps discovered:
D:1:      minmay_arrival_glassed_features, layout_basic, grunt_decor_arrowhead,
          minmay_hedge_maze
D:2:      wad_river_or_something, layout_loops_ring, lemuel_crystal_altar,
          chequers_ecumenical_altar_grove, minivault_23
D:3:      layout_rooms
D:4:      layout_rooms, grunt_temple_overflow_lords_of_destruction,
          lemuel_crystal_altar, first_ration, gammafunk_ghost_mausoleum,
          serial_bayou_crossing
D:5:      layout_loops_ring, serial_shops,
          nicolae_shop_temple_entry_statues_fountains, kennysheep_another_room,
          uniq_eustachio, uniq_prince_ribbit1, uniq_blork_the_orc
D:6:      layout_rooms, minmay_temple_entry_proselytizer
D:7:      layout_gridville, zin_angel, uniq_maggie, uniq_joseph
D:8:      layout_gridville
D:9:      layout_loops_corners, old_standard_altar, serial_shops, shop,
          hangedman_fish_farm
D:10:     layout_basic
D:11:     kennysheep_seaside_town, layout_rooms, erik_lair_island, david_orc_4,
          serial_shops, statue_bzr, shop, nicolae_shop_statue_plus
D:12:     minmay_the_grid_square_5x5_3x3 [minmay_the_grid_square_5x5_detours,
          minmay_the_grid_square_5x5_comb, minmay_the_grid_square_5x5_inner_v,
          minmay_the_grid_square_5x5_percent,
          minmay_the_grid_square_5x5_megaprize_hollow,
          minmay_the_grid_square_5x5_three_small, minmay_the_grid_square_5x5_c,
          minmay_the_grid_square_5x5_meh, minmay_the_grid_square_5x5_spiral],
          layout_loops_cross, serial_shops, shop, fedhas_altar_decomposition,
          uniq_josephine, uniq_nessos, uniq_kirke, uniq_rupert
D:13:     layout_rooms, enter_trove_3, serial_glass, glass_columns_a,
          glass_columns_a, uniq_maurice, uniq_frances
D:14:     layout_loops_ring, grunt_vaults_entry_tiered,
          roderic_nine_men_s_morris, uniq_louise
D:15:     grunt_enter_depths_snipers, layout_cave_pools, serial_park_tiny_1

Skill      XL: |  1  2  3  4  5  6  7  8  9 10 11 12 |
---------------+-------------------------------------+-----
Crossbows      | 5 6 7 8 9 |  9.0
Armour         | 1 2 3 4 5 7 8 10 | 10.6
Stealth        | 1 2 |  2.7
Dodging        | 3 4 5 6 |  6.7
Fighting       | 3 4 5 6 7 8 10 | 10.3
Throwing       | 1 2 3 4 |  4.5
Long Blades    | 2 6 9 12 13 | 13.0

Action                   |  1- 3 |  4- 6 |  7- 9 | 10-12 || total
-------------------------+-------+-------+-------+-------++-------
Melee: Short sword       |    90 |    94 |    66 |       ||   250
       Headbutt          |     7 |    17 |    70 |   147 ||   241
       Dagger            |       |     7 |    29 |       ||    36
       Falchion          |       |       |   153 |    51 ||   204
       Long sword        |       |       |       |   170 ||   170
       Great sword       |       |       |       |   190 ||   190
 Fire: Hand crossbow     |       |    16 |    81 |    49 ||   146
       Arbalest          |       |       |       |     7 ||     7
Throw: Dart              |       |    12 |    29 |    31 ||    72
Evoke: Wand              |       |       |     2 |     7 ||     9
       Phantom mirror    |       |       |       |     1 ||     1
  Use: Scroll            |     5 |     6 |    10 |    16 ||    37
       Potion            |       |     1 |     1 |     5 ||     7
 Stab: Sleeping          |     2 |       |     1 |       ||     3
  Eat: Ration            |     1 |     2 |     4 |     5 ||    12
Armor: Leather armour    |    32 |    14 |       |       ||    46
       Ring mail         |       |    13 |    29 |       ||    42
       Chain mail        |       |     9 |       |       ||     9
       Scale mail        |       |     6 |    95 |   203 ||   304
Dodge: Dodged            |    66 |    64 |   239 |   441 ||   810
       Rpst.: Falchion   |       |       |    39 |    11 ||    50
       Long sword        |       |       |       |    39 ||    39
       Great sword       |       |       |       |    59 ||    59

Table legend:
 A = Non-vault XP
 B = Vault XP
 C = Vault XP percentage of total XP
 D = Non-vault monster count
 E = Vault monster count
 F = Vault count percentage of total count
                 A         B        C        D         E       F
            +---------+---------+-------+---------+---------+-------
      Total |   18067 |    4717 |  20.7 |     286 |      67 |  19.0
            +---------+---------+-------+---------+---------+-------
        D:1 |      28 |       0 |   0.0 |      18 |       0 |   0.0
        D:2 |      77 |      22 |  22.2 |      26 |       9 |  25.7
        D:3 |     307 |       0 |   0.0 |      30 |       0 |   0.0
        D:4 |     502 |      50 |   9.1 |      16 |       1 |   5.9
        D:5 |     352 |     575 |  62.0 |       9 |       3 |  25.0
        D:6 |     683 |      41 |   5.7 |      22 |       1 |   4.3
        D:7 |     923 |     404 |  30.4 |      20 |       1 |   4.8
        D:8 |    2869 |       0 |   0.0 |      34 |       0 |   0.0
        D:9 |    1362 |     301 |  18.1 |      31 |       1 |   3.1
       D:10 |    3234 |       0 |   0.0 |      29 |       0 |   0.0
       D:11 |    4055 |    3324 |  45.0 |      31 |      51 |  62.2
       D:12 |    1342 |       0 |   0.0 |      12 |       0 |   0.0
       D:13 |     594 |       0 |   0.0 |       2 |       0 |   0.0
       D:14 |    1391 |       0 |   0.0 |       4 |       0 |   0.0
       D:15 |     348 |       0 |   0.0 |       2 |       0 |   0.0
            +---------+---------+-------+---------+---------+-------
